 Dungeon Crawl Stone Soup version 0.27-a0-1532-gca18f49f40 (webtiles) character file.

Game seed: 9995913614696368986

124 Spaninq the Chopper (level 5, -13/47 HPs)
             Began as a Hill Orc Delver on July 12, 2021.
             Was an Initiate of Beogh.
             Killed by nerve-wracking pain
             ... invoked by Grinder
              (14 damage)
             ... on level 3 of the Dungeon.
             The game lasted 00:06:43 (2941 turns).

Spaninq the Chopper (Hill Orc Delver)               Turns: 2941, Time: 00:06:44

Health: -13/47     AC:  8    Str: 15 (16) XL:     5   Next: 8%
Magic:  5/5        EV:  6    Int:  9 (10) God:    Beogh [......]
Gold:   74         SH:  0    Dex:  9 (12) Spells: 4/4 levels left

rFire    . . .     SeeInvis .   b - +0 war axe
rCold    . . .     Faith    .   (no shield)
rNeg     . . .     Spirit   .   l - +0 chain mail
rPois    .         Reflect  .   (no helmet)
rElec    .         Harm     .   (no cloak)
rCorr    .         Rampage  .   (no gloves)
Will     .....                  (no boots)
Stlth    ..........             (no amulet)
HPRegen  0.15/turn              (no ring)
MPRegen  0.09/turn              (no ring)

@: mighty
A: no striking features
a: Renounce Religion


You were on level 3 of the Dungeon.
You worshipped Beogh.
Beogh was noncommittal.
You visited 1 branch of the dungeon, and saw 5 of its levels.

You collected 74 gold pieces.

Inventory:

Hand Weapons
 b - a +0 war axe (weapon)
Armour
 l - a +0 chain mail (worn)
Wands
 g - a wand of digging (3)
 i - a wand of flame (12)
Scrolls
 c - 2 scrolls of fog
 d - 4 scrolls of magic mapping
 e - a scroll of fear
 f - 2 scrolls of noise {unknown}
 j - a scroll of summoning {unknown}
 k - 3 scrolls of identify {unknown}
 m - a scroll of acquirement {unknown}
 o - a scroll of enchant weapon {unknown}
 q - a scroll of vulnerability {unknown}
 r - a scroll of teleportation {unknown}
Potions
 a - a potion of might
 h - a potion of invisibility {unknown}
 n - a potion of degeneration
 p - a potion of curing


   Skills:
 + Level 4.6 Fighting
 * Level 5.1 Axes
 + Level 2.1 Armour
 - Level 1.6 Dodging
 - Level 4.1 Stealth


You had 4 spell levels left.
You didn't know any spells.
Your spell library was empty.

Dungeon Overview and Level Annotations

Branches:
Dungeon (5/15)
 Temple: D:4-7

Altars:

Annotations:
D:3 Grinder


Message History

You barely miss Grinder.
Grinder is lightly wounded.
Grinder hits you.
* * * LOW HITPOINT WARNING * * *
The orc priest hits Grinder with a +0 hand axe.
Grinder hits you.
* * * LOW HITPOINT WARNING * * *
Okay, then.
The orc priest closely misses Grinder.
Grinder gestures at you.
You barely resist.
There is an open door here.
It was a potion of might.
You feel very mighty all of a sudden.
The orc priest hits Grinder with a +0 hand axe.
Grinder gestures at you. You resist with significant effort.
Okay, then.
The orc priest hits Grinder with a +0 hand axe.
Grinder barely misses you.
You closely miss Grinder.
Grinder is heavily wounded.
The orc priest closely misses Grinder.
Grinder says, "Mostly I couldn't keep them alive."
Grinder hits you.
* * * LOW HITPOINT WARNING * * *
You writhe in agony.
* * * LOW HITPOINT WARNING * * *
The orc priest hits Grinder with a +0 hand axe.
You hit Grinder but do no damage.
Grinder is severely wounded.
Grinder hits you.
* * * LOW HITPOINT WARNING * * *
You swap places.
Grinder gestures at you.
The orc writhes in agony!
The orc dies!
Grinder gestures at you. Pain shoots through your body!
You die...

#......# . #... ..<...
.# .. ###. #.#.# .. ..
+... #.))#######.# #
###. ###.).....#.#..
+... +.).....#.#.# ###.
##+###.......#.#.# #.
#...........o5#'#'#####
#.
#........####o@.......#
#####+
#........#..'..........
......
#........#.##..........
......
#....5...#.##..........
......
#........#.##.........)
......
#........#.##..........
......
#........#.##..........
......
########.#.####'######.
...... #........# #.#
......


You could see Grinder, a neutral orc priest (wandering) and a neutral orc
(paralysed).

Vanquished Creatures
  An orc priest (D:3)
  Jessica (D:2)
  2 dart slugs (D:1)
  4 orcs (D:3)
  2 bats
  8 endoplasms
  2 giant cockroaches
  A goblin (D:2)
  5 hobgoblins
  8 kobolds
  3 quokkas (D:2)
  11 ball pythons
  6 frilled lizards
  6 rats
60 creatures vanquished.

Vanquished Creatures (others)
  An orc (D:3)
1 creature vanquished.

Grand Total: 61 creatures vanquished

Notes
Turn   | Place    | Note
-------+----------+-------------------------------------------
     0 | D:5      | Spaninq the Hill Orc Delver began the quest for the Orb.
     0 | D:5      | Reached XP level 1. HP: 19/19 MP: 1/1
   333 | D:3      | Reached skill level 3 in Axes
   369 | D:2      | Reached XP level 2. HP: 23/27 MP: 2/2
   452 | D:2      | Found a faded altar of an unknown god.
   601 | D:2      | Noticed Jessica
   607 | D:2      | Killed Jessica
   608 | D:2      | Reached skill level 4 in Axes
   608 | D:2      | Reached skill level 1 in Armour
   608 | D:2      | Reached XP level 3. HP: 31/33 MP: 3/3
  1300 | D:1      | Reached XP level 4. HP: 36/40 MP: 4/4
  2777 | D:3      | Became a worshipper of Beogh the Brigand
  2908 | D:3      | Noticed Grinder
  2915 | D:3      | Reached skill level 5 in Axes
  2915 | D:3      | Reached XP level 5. HP: 29/47 MP: 5/5
  2939 | D:3      | HP: 1/47 [Grinder (4)]
  2941 | D:3      | Killed from afar by Grinder

Illustrated notes

Levels and vault maps discovered:
D:1:      saegor_arrival_under_anarchy, layout_basic
D:2:      layout_basic, hellmonk_ecumenical_altar_heavens_door, uniq_jessica
D:3:      layout_basic, minivault_19, corexii_leaking_fountain,
          hangedman_decor_push, uniq_grinder
D:4:      layout_basic, ashenzari_conservatory_becter, minmay_cut_off
D:5:      layout_basic, minmay_temple_entry_arrows

Skill      XL: |  1  2  3  4 |
---------------+-------------+-----
Axes           | 3 4 5 |  5.1
Fighting       | 4 |  4.6
Armour         | 1 2 |  2.1
Dodging        | |  1.6
Stealth        | |  4.1

Action                   |  1- 3 |  4- 6 || total
-------------------------+-------+-------++-------
Melee: Hand axe          |    35 |       ||    35
       War axe           |    36 |    80 ||   116
Invok: Convert to Beogh  |       |     1 ||     1
  Use: Potion            |     1 |     3 ||     4
Armor: Chain mail        |    50 |    54 ||   104
       Leather armour    |     2 |       ||     2
Dodge: Dodged            |    43 |    17 ||    60

Table legend: (Time is in decaauts)
 A = Elapsed time spent in this place.
 B = Non-inter-level travel time spent in this place.
 C = Inter-level travel time spent in this place.
 D = Time resting spent in this place.
 E = Time spent auto-exploring this place.
 F = Levels seen in this place.
 G = Mean time per level.
                   A        B        C        D        E       F      G
               +--------+--------+--------+--------+--------+-----+--------+
         Total |   2963 |   2870 |     93 |      0 |   2216 |   5 |  592.6 |
       Dungeon |   2963 |   2870 |     93 |      0 |   2216 |   5 |  592.6 |
               +--------+--------+--------+--------+--------+-----+--------+

Top non-repeatable levels by time:
     D:1: 1177 daAuts
     D:2: 1107 daAuts
     D:3: 536 daAuts
     D:4: 87 daAuts
     D:5: 54 daAuts
